 Dungeon Crawl Stone Soup version 0.22.1-1-ga44c0e5 (webtiles) character file.

12394 HoaS the Fighter (level 11, -9/114 HPs)
             Began as a Gargoyle Berserker on Oct 16, 2018.
             Was a High Priest of Trog.
             Mangled by a very large slime creature (24 damage)
             ... on level 12 of the Dungeon on Oct 18, 2018.
             The game lasted 00:52:23 (11280 turns).

HoaS the Fighter (Gargoyle Berserker)              Turns: 11280, Time: 00:52:24

Health: -9/114     AC: 28    Str: 28    XL:     11   Next: 92%
Magic:  11/11      EV:  8    Int:  9    God:    Trog [*****.]
Gold:   449        SH:  0    Dex:  9    Spells: 10/10 levels left

rFire    . . .     SeeInvis .     - Unarmed
rCold    . . .     Gourm    .   (no shield)
rNeg     + . .     Faith    .   y - +0 plate armour
rPois    ∞         Spirit   .   e - +2 hat
rElec    +         Reflect  .   h - +0 cloak
rCorr    .         Harm     .   B - +2 pair of gloves
MR       .....                  (no boots)
Stlth    ..........             (no amulet)
HPRegen  0.29/turn              t - +3 ring of slaying
MPRegen  0.12/turn              (no ring)

@: berserking, very quick
A: negative energy resistance 1, electricity resistance, unbreathing,
petrification resistance, rot immunity, AC +8
a: Berserk, Trog's Hand, Brothers in Arms, Renounce Religion


You were on level 12 of the Dungeon.
You worshipped Trog.
Trog was extremely pleased with you.
You were very hungry.

You visited 1 branch of the dungeon, and saw 12 of its levels.

You collected 771 gold pieces.
You spent 322 gold pieces at shops.

Inventory:

Hand Weapons
 F - a +2 shortbow of velocity
Missiles
 o - 196 arrows
Armour
 e - a +2 hat (worn)
 h - a +0 cloak (worn)
 y - a +0 plate armour (worn)
 B - a +2 pair of gloves (worn)
Jewellery
 t - a +3 ring of slaying (left hand)
Wands
 c - a wand of acid (4)
 p - a wand of disintegration (10)
 s - a wand of flame (29)
 u - a wand of enslavement (17)
 w - a wand of iceblast (24)
 C - a wand of digging (11)
Scrolls
 a - a scroll of fog
 i - 8 scrolls of teleportation
 q - 9 scrolls of remove curse
 r - a scroll of identify
 x - a scroll of silence
 E - a scroll of fear
Potions
 d - a potion of agility {unknown}
 f - a potion of degeneration {unknown}
 g - 2 potions of flight
 j - 3 potions of lignification
 k - 3 potions of curing
 l - 2 potions of mutation {unknown}
 n - a potion of might {unknown}
 v - a potion of heal wounds {unknown}
 z - a potion of magic {unknown}
 A - a potion of berserk rage {unknown}
 D - a potion of invisibility
 G - a potion of haste {unknown}
Comestibles
 b - 23 rations
 m - 2 chunks of flesh


   Skills:
 * Level 12.4 Fighting
 + Level 5.9 Bows
 + Level 9.0 Armour
 - Level 1.5 Dodging
 * Level 11.5 Unarmed Combat


You had 10 spell levels left.
You didn't know any spells.
Your spell library was empty.

Dungeon Overview and Level Annotations

Branches:
Dungeon (12/15)            Temple (0/1) D:7            Lair (0/6) D:9
    Orc: D:9-12

Altars:
Ashenzari
Cheibriados
Elyvilon
Gozag
Hepliaklqana
Makhleb
Nemelex Xobeh
Okawaru
Qazlal
Ru
Sif Muna
Wu Jian
Xom
Yredelemnul
The Shining One

Shops:
D:11 ?([*}


Innate Abilities, Weirdness & Mutations

You are resistant to torment.
Your stone body is resilient. (AC +8)
You are immune to poison.
You resist negative energy. (rN+)
You are resistant to electric shocks. (rElec)
You can survive without breathing.
You are immune to petrification.
You are immune to rotting.


Message History

Two slime creatures merge to form a very large slime creature.
Your plate armour prevents you from hitting the very large slime creature.
You punch the very large slime creature!
The very large slime creature is heavily wounded.
You completely miss the very large slime creature.
The very large slime creature is heavily wounded.
A red film seems to cover your vision as you go berserk!
You feel yourself moving faster!
You feel mighty!
You are feeling very hungry.
The very large slime creature hits you!!
You barely miss the very large slime creature.
The very large slime creature is heavily wounded.
The very large slime creature hits you!
* * * LOW HITPOINT WARNING * * *
You pummel the very large slime creature!!
The very large slime creature is heavily wounded.
You barely miss the very large slime creature.
The very large slime creature is heavily wounded.
The very large slime creature hits you!!
You die...

.........# #.##......#
........# #.#######.#
.......+ #.# #.# ......#
#.# #.# ..... #.+ #.' ...
#)# #.# #'# #.# ### #J# #.#
##### #@# #)# #><.. ####.#
#.# ####. #....# #)# ##
#######'#### #)#########
#..........# ##..........
#..........#####...........
#[.........'.....###.......
#..........####### #.......
#..........# #.......


You could see a very large slime creature.

Vanquished Creatures
  A death knight (D:12)
  A two-headed ogre (D:11)
  Pikel (D:6)
  2 ugly things (D:12)
  Joseph (D:8)
  2 manticores
  An efreet (D:9)
  A troll (D:10)
  A hornet (D:12)
  A hippogriff (D:10)
  6 yaks (D:7)
  Sigmund (D:2)
  A spriggan (D:7)
  2 wyverns
  A wraith (D:12)
  2 vampire mosquitoes (D:12)
  A steam dragon (D:11)
  A water moccasin (D:9)
  Duvessa (D:6)
  4 slaves (D:6)
  5 ice beasts
  4 sky beasts
  2 phantoms
  An eye of draining (D:12)
  4 ogres
  2 orc warriors
  7 centaurs
  A gnoll sergeant (D:7)
  9 bullfrogs
  Dowan (D:6)
  4 scorpions
  6 killer bees (D:7)
  5 howler monkeys
  7 wights
  8 crimson imps
  A bullfrog zombie (D:7)
  2 centaur zombies
  A jelly (D:10)
  4 orc priests
  2 centaur skeletons
  6 hounds
  7 orc wizards
  A bullfrog skeleton (D:6)
  4 iguanas
  6 worker ants
  A worker ant zombie (D:7)
  5 gnolls (D:7)
  6 adders
  3 shadow imps
  An adder zombie (D:5)
  2 adder skeletons (D:6)
  A worm (D:2)
  5 dart slugs
  6 leopard geckos
  35 orcs
  2 ball pythons
  A giant cockroach (D:3)
  5 goblins
  7 hobgoblins
  6 jackals
  13 kobolds
  8 quokkas
  2 bats (D:2)
  5 frilled lizards
  A giant cockroach zombie (D:6)
  A jackal skeleton (D:5)
  6 rats
  A spectral orc (D:7)
255 creatures vanquished.

Notes
Turn   | Place    | Note
-------+----------+-------------------------------------------
     0 | D:1      | HoaS the Gargoyle Berserker began the quest for the Orb.
     0 | D:1      | Reached XP level 1. HP: 14/14 MP: 1/1
   338 | D:1      | Reached XP level 2. HP: 6/19 MP: 2/2
  1190 | D:1      | Reached XP level 3. HP: 24/24 MP: 3/3
  1225 | D:2      | Noticed Sigmund
  1369 | D:2      | Killed Sigmund
  1369 | D:2      | Reached skill level 4 in Fighting
  1369 | D:2      | Reached XP level 4. HP: 16/30 MP: 4/4
  1369 | D:2      | Reached XP level 5. HP: 18/34 MP: 5/5
  1622 | D:2      | Reached skill level 5 in Fighting
  1633 | D:2      | Reached ** piety under Trog
  2325 | D:2      | Found a shimmering altar of Xom.
  2924 | D:3      | Found a hazy altar of Hepliaklqana.
  2939 | D:3      | Reached XP level 6. HP: 40/40 MP: 6/6
  2987 | D:3      | Found an iron altar of Okawaru.
  3412 | D:4      | Found a deep blue altar of Sif Muna.
  3441 | D:4      | Found a snail-covered altar of Cheibriados.
  3517 | D:4      | Noticed a phantom
  3558 | D:4      | Killed a phantom
  3558 | D:4      | Reached skill level 5 in Unarmed Combat
  3692 | D:4      | Found a sparkling altar of Nemelex Xobeh.
  3799 | D:5      | Entered Level 5 of the Dungeon
  3819 | D:5      | Found a white marble altar of Elyvilon.
  4256 | D:5      | Reached XP level 7. HP: 21/45 MP: 7/7
  4503 | D:5      | Reached skill level 6 in Fighting
  4603 | D:5      | Found a shattered altar of Ashenzari.
  4724 | D:6      | Noticed Dowan
  4725 | D:6      | Noticed Duvessa
  4757 | D:6      | Killed Duvessa
  4770 | D:6      | Killed Dowan
  4851 | D:6      | Reached XP level 8. HP: 52/52 MP: 8/8
  4863 | D:6      | Reached skill level 7 in Fighting
  4901 | D:6      | Found a sacrificial altar of Ru.
  4923 | D:6      | Reached *** piety under Trog
  4947 | D:6      | Reached skill level 5 in Armour
  5150 | D:6      | Reached skill level 8 in Fighting
  5297 | D:6      | Found an ornate altar of the Wu Jian Council.
  5442 | D:6      | Noticed Pikel
  5452 | D:6      | Killed Pikel
  5452 | D:6      | Reached XP level 9. HP: 51/60 MP: 9/9
  5920 | D:7      | Found an opulent altar of Gozag.
  5979 | D:7      | Found a stormy altar of Qazlal.
  5999 | D:7      | Reached skill level 9 in Fighting
  6226 | D:7      | Found a staircase to the Ecumenical Temple.
  6270 | D:7      | Reached skill level 1 in Bows
  6627 | D:7      | Reached **** piety under Trog
  6627 | D:7      | Reached XP level 10. HP: 60/68 MP: 10/10
  6688 | D:7      | Reached skill level 10 in Fighting
  6746 | D:7      | Found a basalt altar of Yredelemnul.
  7089 | D:8      | Noticed Joseph
  7112 | D:8      | Killed Joseph
  7504 | D:8      | Found a glowing golden altar of the Shining One.
  7576 | D:9      | Received a gift from Trog
  7666 | D:9      | Found a staircase to the Lair.
  8027 | D:9      | Reached skill level 10 in Unarmed Combat
  8282 | D:9      | Found an ornate altar of the Wu Jian Council.
  8285 | D:9      | Found a burning altar of Makhleb.
  8393 | D:10     | Entered Level 10 of the Dungeon
  8523 | D:10     | Received a gift from Trog
  8523 | D:10     | Reached skill level 11 in Fighting
  8874 | D:10     | Reached XP level 11. HP: 74/74 MP: 11/11
  9104 | D:11     | Found Foxkagre's Magic Scroll Boutique.
  9108 | D:11     | Bought a scroll of teleportation for 54 gold pieces
  9108 | D:11     | Bought a scroll of teleportation for 54 gold pieces
  9108 | D:11     | Bought a scroll of teleportation for 54 gold pieces
  9192 | D:11     | Found Jelaon's Antique Weapon Emporium.
  9263 | D:11     | Found Nosilo's Assorted Antiques.
  9271 | D:11     | Bought a scroll of identify for 64 gold pieces
  9271 | D:11     | Bought a scroll of remove curse for 96 gold pieces
  9303 | D:11     | Found Arrillaf's Antique Armour Emporium.
  9409 | D:11     | Found Hyurph's Gadget Boutique.
  9447 | D:11     | Noticed a manticore
  9460 | D:11     | Killed a manticore
  9870 | D:11     | Noticed a two-headed ogre
  9877 | D:11     | Killed a two-headed ogre
  9877 | D:11     | Reached skill level 5 in Bows
 10051 | D:12     | Noticed a purple ugly thing
 10067 | D:12     | Killed a purple ugly thing
 10125 | D:12     | Noticed a manticore
 10131 | D:12     | Killed a manticore
 10152 | D:12     | Noticed a death knight
 10172 | D:12     | Killed a death knight
 10172 | D:12     | Reached skill level 12 in Fighting
 10172 | D:12     | HP: 3/114 [mirror damage (3)]
 10545 | D:12     | Reached ***** piety under Trog
 10761 | D:12     | Noticed a white ugly thing
 10780 | D:12     | Killed a white ugly thing
 11194 | D:12     | Received a gift from Trog
 11280 | D:12     | Mangled by a very large slime creature

Skill      XL: |  1  2  3  4  5  6  7  8  9 10 11 |
---------------+----------------------------------+-----
Fighting       | 4 5 6 8 9 11 12 | 12.4
Armour         | 3 4 6 7 9 |  9.0
Unarmed Combat | 4 5 6 8 9 10 11 | 11.5
Bows           | 2 4 5 |  5.9
Dodging        | |  1.5

Action                   |  1- 3 |  4- 6 |  7- 9 | 10-12 || total
-------------------------+-------+-------+-------+-------++-------
Melee: Unarmed           |   104 |   180 |   290 |   393 ||   967
       Punch             |     2 |     3 |     7 |    17 ||    29
 Fire: Hunting sling     |       |     6 |       |       ||     6
       Shortbow          |       |       |    22 |   113 ||   135
Invok: Berserk           |     2 |       |     2 |     4 ||     8
       Trog's Hand       |       |       |     1 |       ||     1
  Use: Scroll            |     3 |     9 |     6 |     7 ||    25
  Eat: Chunk             |     2 |    10 |    11 |    17 ||    40
Armor: Animal skin       |     3 |       |       |       ||     3
       Ring mail         |    27 |    32 |       |       ||    59
       Scale mail        |       |    30 |       |       ||    30
       Chain mail        |       |     7 |   153 |    93 ||   253
       Plate armour      |       |       |       |   215 ||   215
Dodge: Dodged            |    57 |    77 |    81 |   153 ||   368
